 Dungeon Crawl Stone Soup version 0.30.0-20-g3615ddf2f0 (webtiles) character file.

Game seed: 8676297209640580255

7177 qw the Cleaver (level 11, -7/68 HPs)
             Began as a Gargoyle Fighter on May 29, 2023.
             Was a Priest of Okawaru.
             Mangled by Sonja
             ... wielding a +0 short sword of distortion
              (13 damage)
             ... on level 11 of the Dungeon.
             The game lasted 00:05:13 (10303 turns).

qw the Cleaver (Gargoyle Fighter)                  Turns: 10303, Time: 00:05:13

Health: -7/68      AC: 25    Str: 31    XL:     11   Next: 11%
Magic:  14/14      EV: 10    Int: 16    God:    Okawaru [***...]
Gold:   539        SH: 13    Dex: 13    Spells: 10/10 levels left

rFire   . . .        j - +0 broad axe of Itrogg {elec, Will- Int+4 Dex+3}
rCold   + . .        t - +0 kite shield
rNeg    + . .        b - +1 plate armour {rC+}
rPois   inf          (no helmet)
rElec   +            y - +0 cloak
rCorr   .            (no gloves)
SInv    +            (no boots)
Will    .....        (no amulet) Stlth
                     l - ring of Doubt {Fly Str+7 Dex+2}
HPRegen 0.31/turn    v - ring of see invisible
MPRegen 0.14/turn

%: no passive effects
@: about to teleport, heroic, flying
A: sickness immunity, AC +8, negative energy resistance 1, electricity
resistance, torment resistance 1, petrification resistance, clever 1
a: Renounce Religion, Heroism


You were on level 11 of the Dungeon.
You worshipped Okawaru.
Okawaru was most pleased with you.
You visited 2 branches of the dungeon, and saw 12 of its levels.

You collected 539 gold pieces.


Innate Abilities, Weirdness & Mutations

You are immune to sickness and miasma.
Your stone body is resilient. (AC +8)
You are immune to poison.
You resist negative energy. (rN+)
You are resistant to electric shocks. (rElec)
You are resistant to unholy torment.
You are immune to petrification.
Your mind is acute. (Int +4, Str/Dex -1)


   Skills:
 - Level 8.0(13.0) Fighting
 + Level 10.0(15.0) Axes
 - Level 3.4(8.4) Throwing
 - Level 6.5(11.5) Armour
 - Level 2.0(7.0) Dodging
 - Level 9.0(14.0) Shields
 - Level 4.0 Invocations


You had 10 spell levels left.
You didn't know any spells.
Your spell library was empty.

Inventory:

Hand Weapons
 j - the +0 broad axe of Itrogg (weapon) {elec, Will- Int+4 Dex+3}
   (You acquired it on level 10 of the Dungeon)

   Int:       It affects your intelligence (+4).
   Dex:       It affects your dexterity (+3).
   Will:      It decreases your willpower.
 w - a +0 morningstar
Missiles
 A - a javelin (quivered)
Armour
 b - a +1 plate armour of cold resistance (worn)
 f - a +2 plate armour of poison resistance
 t - a +0 kite shield (worn)
 y - a +0 cloak (worn)
Jewellery
 l - the ring of Doubt (left hand) {Fly Str+7 Dex+2}
   (You acquired it on level 4 of the Dungeon)

   [ring of flight]

   Str:       It affects your strength (+7).
   Dex:       It affects your dexterity (+2).
   Fly:       It grants you flight.
 m - a ring of resist corrosion
 s - a ring of fire
 v - a ring of see invisible (right hand)
 x - a ring of ice
 z - a ring of protection from fire
Scrolls
 h - 2 scrolls of teleportation
 o - a scroll of identify
 u - a scroll of enchant armour {unknown}
Potions
 a - 2 potions of attraction
 c - a potion of magic
 d - 2 potions of might
 e - 7 potions of curing
 g - 6 potions of haste
 i - 4 potions of cancellation
 k - 2 potions of mutation
 n - a potion of lignification {unknown}
 p - a potion of degeneration {unknown}
 q - a potion of resistance
 r - a potion of invisibility {unknown}

Dungeon Overview and Level Annotations

Branches:
Dungeon (11/15)            Temple (1/1) D:4
   Lair: D:8-11         Orc: D:9-12

Altars:
Ashenzari
Cheibriados
Dithmenos
Elyvilon
Fedhas
Gozag
Hepliaklqana
Kikubaaqudgha
Makhleb
Nemelex Xobeh
Okawaru
Qazlal
Ru
Sif Muna
Trog
Uskayaw
Vehumet
Wu Jian
Xom
Yredelemnul
Zin
The Shining One

Annotations:
D:7 2 transporters, 1 runed translucent door, Crazy Yiuf; qw's ghost, amateur GrFi
D:8 4 transporters
D:10 2 transporters, qw's ghost, journeyman GrFi
D:11 Sonja


Message History

You slash the troll! Lightning courses through the troll!
You kill the troll!
Okawaru accepts your kill.
The killer bee stings you but does no damage.
Your base Throwing skill increases to level 3!
You slice the warg!! Lightning courses through the warg!!
You kill the warg!
Okawaru accepts your kill.
You closely miss the killer bee. You block the killer bee's attack.
The killer bee stings you but does no damage.
You slash the killer bee!
The killer bee is severely wounded.
You hit the orc but do no damage. The killer bee misses you.
You block the orc's attack. The killer bee stings you.
You miss the killer bee.
The killer bee is severely wounded.
You slash the orc!
You kill the orc!
Okawaru accepts your kill. The killer bee stings you.
The orc priest invokes the aid of Beogh against you.
Beogh smites you!
You barely miss the killer bee.
The killer bee is severely wounded.
You closely miss Sonja. You block the killer bee's attack.
Sonja closely misses you. Sonja hits you but does no damage.
Space warps around you. You block Sonja's attack.
You block the killer bee's attack.
The orc priest invokes the aid of Beogh against you.
Beogh smites you!
10303 ||| READING 3 scrolls of teleportation.
As you read the scroll of teleportation, it crumbles to dust.
You feel strangely unstable.
The killer bee stings you but does no damage.
Sonja hits you but does no damage. Space warps around you.
You block Sonja's attack. Sonja hits you but does no damage.
Space warps horribly around you!
You die...

.( #.. .(# #..
.. ### #.
######### #.
##.#
#.......####.
..o
#.......##...
#!##
#..........##
#oK###
#.......#####
##y@.###.......#
#
###..##.....).#
# ##....>.......
##############


You could see Sonja, a killer bee, an orc priest and an orc.

Vanquished Creatures
  A two-headed ogre (D:10)
  A cyclops (D:11)
  Psyche (D:9)
  3 trolls
  A hornet (D:7)
  Grinder (D:4)
  A vampire (D:10)
  A shadow (D:11)
  3 steam dragons
  Grum (D:9)
  2 wargs (D:11)
  3 orc warriors
  4 sky beasts
  An ice beast (D:7)
  2 ogres (D:4)
  A phantom (D:5)
  3 wolves (D:9)
  2 centaurs
  5 bullfrogs
  3 kobold brigands
  2 gnoll sergeants
  2 scorpions (D:6)
  4 wights (D:8)
  5 killer bees (D:11)
  3 howler monkeys (D:8)
  6 hounds
  A gnoll bouda (D:7)
  A jelly (D:5)
  6 orc priests
  2 sleepcaps
  Terence (D:2)
  5 iguanas
  7 orc wizards
  A mummy (D:6)
  14 gnolls
  4 adders
  A white imp (D:8)
  2 worms
  3 dart slugs
  49 orcs
  6 endoplasms
  7 giant cockroaches
  11 goblins
  7 hobgoblins
  12 jackals
  13 kobolds
  3 quokkas
  9 ball pythons
  2 bats (D:1)
  4 frilled lizards
  A hobgoblin zombie (D:6)
  A kobold zombie (D:6)
  2 orc zombies (D:6)
  5 rats
242 creatures vanquished.

Vanquished Creatures (others)
  An orc wizard (D:9)
1 creature vanquished.

Grand Total: 243 creatures vanquished

Notes
Turn   | Place    | Note
-------+----------+-------------------------------------------
     0 | D:1      | qw the Gargoyle Fighter began the quest for the Orb.
     0 | D:1      | Reached XP level 1. HP: 14/14 MP: 1/1
     0 | D:1      | 0 ||| qw: Version: 0.2-a-101-gf424e7f
     0 | D:1      | 0 ||| qw: Game counter: 365
     0 | D:1      | 0 ||| qw: Always use a shield: true
     0 | D:1      | 0 ||| qw: God list: Okawaru
     0 | D:1      | 0 ||| qw: Allow faded altars: false
     0 | D:1      | 0 ||| qw: Do Orc after D:15 true
     0 | D:1      | 0 ||| qw: Do second Lair branch before Depths: true
     0 | D:1      | 0 ||| qw: Lair rune preference: random
     0 | D:1      | 0 ||| qw: Plans: Normal, Zot:1-4, Slime:5, God:TSO, Crypt,
                  | Tomb, Pan, Hells, Abyss, Win
     0 | D:1      | 0 ||| PLANNING D:1-11
    48 | D:1      | Reached skill level 2 in Axes
    65 | D:1      | 65 ||| Stepping ~*~*~tactically~*~*~ (hiding).
   199 | D:1      | Reached XP level 2. HP: 15/19 MP: 2/2
   435 | D:1      | 435 ||| Stepping ~*~*~tactically~*~*~ (stealth).
   436 | D:1      | 436 ||| Stepping ~*~*~tactically~*~*~ (stealth).
   445 | D:1      | Reached skill level 3 in Axes
   542 | D:1      | Reached XP level 3. HP: 23/23 MP: 3/3
   550 | D:1      | 550 ||| Stepping ~*~*~tactically~*~*~ (hiding).
   551 | D:1      | 551 ||| Stepping ~*~*~tactically~*~*~ (hiding).
  1089 | D:1      | 1089 ||| UPGRADING to +0 chain mail.
  1099 | D:1      | 1099 ||| DROPPING +0 scale mail.
  1100 | D:1      | 1100 ||| READING scroll labelled EHOWUU BUEGON.
  1101 | D:1      | 1101 ||| DRINKING 2 green potions.
  1102 | D:1      | 1102 ||| DRINKING 3 bubbling golden potions.
  1521 | D:2      | 1521 ||| Stepping ~*~*~tactically~*~*~ (stealth).
  1527 | D:2      | Noticed Terence
  1533 | D:2      | Reached XP level 4. HP: 28/28 MP: 4/4
  1542 | D:2      | Killed Terence
  1543 | D:2      | Reached skill level 4 in Axes
  1608 | D:2      | 1608 ||| Stepping ~*~*~tactically~*~*~ (stealth).
  1609 | D:2      | 1609 ||| Stepping ~*~*~tactically~*~*~ (stealth).
  1610 | D:2      | 1610 ||| Stepping ~*~*~tactically~*~*~ (stealth).
  1760 | D:2      | 1760 ||| Stepping ~*~*~tactically~*~*~ (stealth).
  1761 | D:2      | 1761 ||| Stepping ~*~*~tactically~*~*~ (stealth).
  1851 | D:2      | 1851 ||| UPGRADING to +2 scale mail of cold resistance.
  1861 | D:2      | 1861 ||| DRINKING 2 sapphire potions.
  1861 | D:2      | Gained mutation: Your mind is acute. (Int +4, Str/Dex -1)
                  | [potion of mutation]
  2012 | D:3      | 2012 ||| DROPPING +0 club.
  2040 | D:3      | Found a shadowy altar of Dithmenos.
  2099 | D:3      | Reached XP level 5. HP: 31/32 MP: 5/5
  2451 | D:3      | Reached skill level 5 in Axes
  2462 | D:3      | 2462 ||| FLEEEEING.
  2463 | D:3      | 2463 ||| FLEEEEING.
  2464 | D:3      | 2464 ||| FLEEEEING.
  2465 | D:3      | 2465 ||| FLEEEEING.
  2466 | D:3      | 2466 ||| DRINKING 2 potions of curing.
  2466 | D:3      | 2466 ||| (to cure confusion)
  2622 | D:3      | Reached XP level 6. HP: 38/38 MP: 6/6
  2843 | D:3      | 2843 ||| DROPPING orb of mayhem.
  2844 | D:3      | 2844 ||| DROPPING ring of magical power.
  2845 | D:3      | 2845 ||| READING scroll labelled ABYSAPH UKHLIA.
  2846 | D:3      | 2846 ||| READING scroll labelled GOUPIZ INYU.
  2847 | D:3      | 2847 ||| READING scroll labelled ONGOIH PURESK.
  2848 | D:3      | 2848 ||| READING scroll labelled YLODWO EDABE.
  2849 | D:3      | 2849 ||| DRINKING 2 lumpy black potions.
  3107 | D:4      | 3107 ||| FLEEEEING.
  3108 | D:4      | 3108 ||| FLEEEEING.
  3109 | D:4      | 3109 ||| FLEEEEING.
  3110 | D:4      | 3110 ||| FLEEEEING.
  3111 | D:4      | 3111 ||| FLEEEEING.
  3112 | D:4      | 3112 ||| FLEEEEING.
  3113 | D:4      | 3113 ||| FLEEEEING.
  3114 | D:4      | 3114 ||| FLEEEEING.
  3115 | D:4      | 3115 ||| FLEEEEING.
  3116 | D:4      | 3116 ||| FLEEEEING.
  3117 | D:4      | 3117 ||| FLEEEEING.
  3118 | D:4      | 3118 ||| FLEEEEING.
  3119 | D:4      | 3119 ||| FLEEEEING.
  3120 | D:4      | 3120 ||| FLEEEEING.
  3121 | D:4      | 3121 ||| FLEEEEING.
  3122 | D:4      | 3122 ||| FLEEEEING.
  3123 | D:4      | 3123 ||| FLEEEEING.
  3124 | D:4      | 3124 ||| FLEEEEING.
  3125 | D:4      | 3125 ||| FLEEEEING.
  3126 | D:4      | 3126 ||| FLEEEEING.
  3127 | D:4      | 3127 ||| FLEEEEING.
  3128 | D:4      | 3128 ||| FLEEEEING.
  3129 | D:4      | 3129 ||| FLEEEEING.
  3130 | D:4      | 3130 ||| FLEEEEING.
  3131 | D:4      | 3131 ||| FLEEEEING.
  3132 | D:4      | 3132 ||| FLEEEEING.
  3133 | D:4      | 3133 ||| FLEEEEING.
  3134 | D:4      | 3134 ||| FLEEEEING.
  3135 | D:4      | 3135 ||| FLEEEEING.
  3136 | D:4      | 3136 ||| FLEEEEING.
  3137 | D:4      | 3137 ||| FLEEEEING.
  3306 | D:4      | Noticed Grinder
  3312 | D:4      | Paralysed by Grinder for 2 turns
  3320 | D:4      | Paralysed by Grinder for 5 turns
  3327 | D:4      | Paralysed by Grinder for 4 turns
  3331 | D:4      | 3331 ||| Stepping ~*~*~tactically~*~*~ (hiding).
  3339 | D:4      | Killed Grinder
  3340 | D:4      | Reached skill level 6 in Axes
  3340 | D:4      | Reached XP level 7. HP: 18/43 MP: 7/7
  3434 | D:4      | Found a staircase to the Ecumenical Temple.
  3435 | D:4      | 3435 ||| PLANNING TEMPLE
  3435 | D:4      | 3435 ||| READING 3 scrolls labelled BAYRISHREME.
  3436 | D:4      | 3436 ||| READING scroll labelled MUVOTR XAERRIN.
  3439 | D:4      | 3439 ||| READING 2 scrolls labelled WUILAY KINU.
  3439 | D:4      | Identified 2 scrolls of acquirement
  3439 | D:4      | 3439 ||| ACQUIRING ring of Doubt {Fly Str+7 Dex+2}
  3439 | D:4      | Acquired the ring of Doubt {Fly Str+7 Dex+2}
  3441 | D:4      | 3441 ||| UPGRADING to ring of Doubt {Fly Str+7 Dex+2}.
  3442 | D:4      | 3442 ||| READING scroll of acquirement.
  3442 | D:4      | 3442 ||| ACQUIRING +2 war axe of electrocution
  3442 | D:4      | Acquired a +2 war axe of electrocution
  3444 | D:4      | 3444 ||| SWAPPING to +2 war axe of electrocution.
  3445 | D:4      | 3445 ||| DROPPING +1 war axe.
  3446 | D:4      | 3446 ||| DROPPING 2 scrolls of noise.
  3484 | Temple   | Entered the Ecumenical Temple
  3486 | Temple   | 3486 ||| PLANNING OKAWARU WORSHIP
  3530 | Temple   | Became a worshipper of Warmaster Okawaru
  3530 | Temple   | 3530 ||| PLANNING D:1-11
  3549 | D:4      | Reached skill level 1 in Dodging
  3568 | D:4      | Reached skill level 7 in Axes
  4045 | D:5      | Entered Level 5 of the Dungeon
  4052 | D:5      | 4052 ||| Stepping ~*~*~tactically~*~*~ (hiding).
  4071 | D:5      | HP: 10/44 [gnoll sergeant/+0 trident (3)]
  4074 | D:5      | Reached XP level 8. HP: 10/49 MP: 8/8
  4078 | D:5      | HP: 5/49 [gnoll/+0 spear[a gnoll sergeant] (4)]
  4302 | D:5      | 4302 ||| Stepping ~*~*~tactically~*~*~ (hiding).
  4303 | D:5      | 4303 ||| Stepping ~*~*~tactically~*~*~ (hiding).
  4411 | D:5      | 4411 ||| DROPPING +0 flail.
  4528 | D:5      | 4528 ||| Stepping ~*~*~tactically~*~*~ (stealth).
  4529 | D:5      | 4529 ||| Stepping ~*~*~tactically~*~*~ (stealth).
  4571 | D:5      | 4571 ||| Stepping ~*~*~tactically~*~*~ (stealth).
  4699 | D:5      | 4699 ||| Stepping ~*~*~tactically~*~*~ (hiding).
  4700 | D:5      | 4700 ||| Stepping ~*~*~tactically~*~*~ (hiding).
  4712 | D:5      | Reached skill level 8 in Axes
  4713 | D:5      | 4713 ||| Stepping ~*~*~tactically~*~*~ (stealth).
  4722 | D:5      | 4722 ||| Stepping ~*~*~tactically~*~*~ (stealth).
  4725 | D:5      | 4725 ||| Stepping ~*~*~tactically~*~*~ (stealth).
  4737 | D:5      | Reached * piety under Okawaru
  4741 | D:5      | 4741 ||| READING scroll of enchant weapon.
  4741 | D:5      | 4741 ||| ENCHANTING +2 war axe of electrocution.
  4778 | D:5      | 4778 ||| INVOKING Heroism.
  4970 | D:5      | 4970 ||| FLEEEEING.
  4971 | D:5      | 4971 ||| FLEEEEING.
  4972 | D:5      | 4972 ||| FLEEEEING.
  4977 | D:5      | 4977 ||| FLEEEEING.
  4978 | D:5      | 4978 ||| FLEEEEING.
  4982 | D:5      | 4982 ||| FLEEEEING.
  4983 | D:5      | 4983 ||| FLEEEEING.
  4984 | D:5      | 4984 ||| FLEEEEING.
  4985 | D:5      | 4985 ||| FLEEEEING.
  4986 | D:5      | 4986 ||| FLEEEEING.
  4987 | D:5      | 4987 ||| FLEEEEING.
  4989 | D:5      | 4989 ||| FLEEEEING.
  4990 | D:5      | 4990 ||| FLEEEEING.
  4991 | D:5      | 4991 ||| FLEEEEING.
  4992 | D:5      | 4992 ||| FLEEEEING.
  4993 | D:5      | 4993 ||| FLEEEEING.
  5148 | D:5      | 5148 ||| UPGRADING to +0 kite shield.
  5158 | D:5      | 5158 ||| DROPPING +0 buckler.
  5159 | D:5      | 5159 ||| UPGRADING to ring of resist corrosion.
  5160 | D:5      | 5160 ||| READING scroll labelled BYTAIN GECLU.
  5161 | D:5      | 5161 ||| READING scroll labelled JUYMIS TEKHO.
  5162 | D:5      | 5162 ||| READING 3 scrolls of identify.
  5162 | D:5      | 5162 ||| IDENTIFYING lumpy inky potion
  5163 | D:5      | 5163 ||| READING 2 scrolls of identify.
  5163 | D:5      | 5163 ||| IDENTIFYING blue potion
  5164 | D:5      | 5164 ||| DROPPING potion of flight.
  5182 | D:6      | 5182 ||| Stepping ~*~*~tactically~*~*~ (stealth).
  5202 | D:6      | Reached skill level 1 in Invocations
  5272 | D:6      | 5272 ||| INVOKING Heroism.
  5874 | D:6      | 5874 ||| UPGRADING to ring of protection from fire.
  5932 | D:7      | Found a transporter.
  5932 | D:7      | Noticed qw's ghost (amateur GrFi)
  5949 | D:7      | Reached skill level 3 in Invocations
  6044 | D:7      | 6044 ||| FLEEEEING.
  6045 | D:7      | 6045 ||| FLEEEEING.
  6046 | D:7      | 6046 ||| FLEEEEING.
  6047 | D:7      | 6047 ||| FLEEEEING.
  6048 | D:7      | 6048 ||| FLEEEEING.
  6049 | D:7      | 6049 ||| FLEEEEING.
  6050 | D:7      | 6050 ||| FLEEEEING.
  6051 | D:7      | 6051 ||| FLEEEEING.
  6052 | D:7      | 6052 ||| FLEEEEING.
  6053 | D:7      | 6053 ||| FLEEEEING.
  6054 | D:7      | 6054 ||| FLEEEEING.
  6055 | D:7      | 6055 ||| FLEEEEING.
  6056 | D:7      | 6056 ||| FLEEEEING.
  6062 | D:7      | 6062 ||| FLEEEEING.
  6063 | D:7      | 6063 ||| FLEEEEING.
  6064 | D:7      | 6064 ||| FLEEEEING.
  6065 | D:7      | 6065 ||| FLEEEEING.
  6066 | D:7      | 6066 ||| FLEEEEING.
  6067 | D:7      | 6067 ||| FLEEEEING.
  6068 | D:7      | 6068 ||| FLEEEEING.
  6069 | D:7      | 6069 ||| FLEEEEING.
  6070 | D:7      | 6070 ||| FLEEEEING.
  6071 | D:7      | 6071 ||| FLEEEEING.
  6072 | D:7      | 6072 ||| FLEEEEING.
  6073 | D:7      | 6073 ||| Stepping ~*~*~tactically~*~*~ (hiding).
  6079 | D:7      | 6079 ||| INVOKING Heroism.
  6081 | D:7      | Reached XP level 9. HP: 52/55 MP: 8/11
  6137 | D:7      | Found a transporter.
  6232 | D:7      | 6232 ||| Stepping ~*~*~tactically~*~*~ (stealth).
  6233 | D:7      | 6233 ||| Stepping ~*~*~tactically~*~*~ (stealth).
  6237 | D:7      | 6237 ||| INVOKING Heroism.
  6255 | D:7      | 6255 ||| INVOKING Heroism.
  6259 | D:7      | Reached skill level 6 in Shields
  6261 | D:7      | 6261 ||| FLEEEEING.
  6262 | D:7      | 6262 ||| FLEEEEING.
  6262 | D:7      | Noticed a hornet
  6271 | D:7      | Killed a hornet
  6272 | D:7      | 6272 ||| FLEEEEING.
  6273 | D:7      | 6273 ||| FLEEEEING.
  6274 | D:7      | 6274 ||| FLEEEEING.
  6275 | D:7      | 6275 ||| FLEEEEING.
  6276 | D:7      | 6276 ||| FLEEEEING.
  6277 | D:7      | 6277 ||| FLEEEEING.
  6280 | D:7      | 6280 ||| FLEEEEING.
  6281 | D:7      | 6281 ||| FLEEEEING.
  6282 | D:7      | 6282 ||| FLEEEEING.
  6283 | D:7      | 6283 ||| FLEEEEING.
  6284 | D:7      | 6284 ||| FLEEEEING.
  6287 | D:7      | 6287 ||| STAIRDANCE
  6410 | D:6      | 6410 ||| UPGRADING to ring of see invisible.
  6507 | D:7      | Found a white marble altar of Elyvilon.
  6508 | D:7      | 6508 ||| Stepping ~*~*~tactically~*~*~ (hiding).
  6509 | D:7      | 6509 ||| Stepping ~*~*~tactically~*~*~ (hiding).
  6514 | D:7      | Found a broken altar of Ashenzari.
  6517 | D:7      | 6517 ||| INVOKING Heroism.
  6523 | D:7      | Reached skill level 6 in Fighting
  6650 | D:7      | 6650 ||| INVOKING Heroism.
  6878 | D:7      | 6878 ||| Stepping ~*~*~tactically~*~*~ (hiding).
  6882 | D:7      | 6882 ||| INVOKING Heroism.
  6887 | D:7      | 6887 ||| Stepping ~*~*~tactically~*~*~ (cloud).
  6986 | D:7      | Found a runed translucent door.
  6987 | D:7      | Noticed Crazy Yiuf
  7219 | D:7      | 7219 ||| DROPPING +0 chain mail.
  7220 | D:7      | 7220 ||| UPGRADING to +3 chain mail.
  7254 | D:8      | Found a transporter.
  7303 | D:8      | Found a transporter.
  7367 | D:8      | Found a transporter.
  7425 | D:8      | 7425 ||| Stepping ~*~*~tactically~*~*~ (hiding).
  7426 | D:8      | 7426 ||| Stepping ~*~*~tactically~*~*~ (hiding).
  7427 | D:8      | 7427 ||| Stepping ~*~*~tactically~*~*~ (hiding).
  7428 | D:8      | 7428 ||| Stepping ~*~*~tactically~*~*~ (hiding).
  7429 | D:8      | 7429 ||| Stepping ~*~*~tactically~*~*~ (hiding).
  7592 | D:8      | 7592 ||| INVOKING Heroism.
  7596 | D:8      | 7596 ||| Stepping ~*~*~tactically~*~*~ (hiding).
  7675 | D:8      | Reached skill level 9 in Axes
  7815 | D:8      | Identified the +6 short sword of the Chewing Gods {heavy,
                  | Drain rElec Will+++ Int-2}
  7911 | D:8      | Reached XP level 10. HP: 58/61 MP: 13/13
  7922 | D:8      | Found a transporter.
  8128 | D:8      | 8128 ||| DROPPING +2 scale mail of cold resistance.
  8129 | D:8      | 8129 ||| UPGRADING to +2 plate armour of poison resistance.
  8139 | D:8      | 8139 ||| DROPPING +3 chain mail.
  8140 | D:8      | 8140 ||| UPGRADING to +0 cloak.
  8145 | D:8      | 8145 ||| READING 2 scrolls of identify.
  8145 | D:8      | 8145 ||| IDENTIFYING fizzy red potion
  8239 | D:9      | 8239 ||| INVOKING Heroism.
  8319 | D:9      | Noticed Psyche
  8324 | D:9      | 8324 ||| Stepping ~*~*~tactically~*~*~ (stealth).
  8329 | D:9      | 8329 ||| Stepping ~*~*~tactically~*~*~ (stealth).
  8331 | D:9      | 8331 ||| Stepping ~*~*~tactically~*~*~ (hiding).
  8333 | D:9      | 8333 ||| INVOKING Heroism.
  8338 | D:9      | Killed Psyche
  8399 | D:9      | Reached ** piety under Okawaru
  8486 | D:9      | 8486 ||| INVOKING Heroism.
  8489 | D:9      | Noticed Grum
  8506 | D:9      | Killed Grum
  8507 | D:9      | Reached skill level 9 in Shields
  8810 | D:9      | 8810 ||| Stepping ~*~*~tactically~*~*~ (hiding).
  8817 | D:9      | 8817 ||| Stepping ~*~*~tactically~*~*~ (hiding).
  9073 | D:9      | 9073 ||| UPGRADING to +1 plate armour of cold resistance.
  9083 | D:9      | 9083 ||| READING scroll labelled KUBBOU ZOTE.
  9084 | D:9      | 9084 ||| READING 2 scrolls of identify.
  9084 | D:9      | 9084 ||| IDENTIFYING metallic purple potion
  9085 | D:9      | 9085 ||| DROPPING potion of brilliance.
  9120 | D:10     | Entered Level 10 of the Dungeon
  9298 | D:10     | 9298 ||| INVOKING Heroism.
  9342 | D:10     | 9342 ||| READING scroll of acquirement.
  9342 | D:10     | 9342 ||| ACQUIRING +0 broad axe of Itrogg {elec, Will-
                  | Int+4 Dex+3}
  9342 | D:10     | Acquired the +0 broad axe of Itrogg {elec, Will- Int+4
                  | Dex+3}
  9344 | D:10     | 9344 ||| SWAPPING to +0 broad axe of Itrogg {elec, Will-
                  | Int+4 Dex+3}.
  9345 | D:10     | 9345 ||| DROPPING +3 war axe of chaos.
  9385 | D:10     | Noticed a two-headed ogre
  9385 | D:10     | Noticed qw's ghost (journeyman GrFi)
  9387 | D:10     | Found a transporter.
  9387 | D:10     | Noticed a two-headed ogre
  9387 | D:10     | Noticed a two-headed ogre
  9388 | D:10     | Noticed a two-headed ogre
  9391 | D:10     | Identified the +7 dire flail "Buttiz" {protect, *Noise
                  | rPois Will+}
  9391 | D:10     | Noticed a two-headed ogre
  9392 | D:10     | Found a transporter.
  9541 | D:10     | 9541 ||| Stepping ~*~*~tactically~*~*~ (hiding).
  9542 | D:10     | 9542 ||| Stepping ~*~*~tactically~*~*~ (hiding).
  9543 | D:10     | 9543 ||| Stepping ~*~*~tactically~*~*~ (hiding).
  9546 | D:10     | 9546 ||| FLEEEEING.
  9547 | D:10     | 9547 ||| INVOKING Heroism.
  9610 | D:10     | 9610 ||| INVOKING Heroism.
  9626 | D:10     | Reached skill level 10 in Axes
  9631 | D:10     | Noticed a kobold demonologist
  9632 | D:10     | 9632 ||| Stepping ~*~*~tactically~*~*~ (stealth).
  9646 | D:10     | 9646 ||| Stepping ~*~*~tactically~*~*~ (stealth).
  9654 | D:10     | 9654 ||| Stepping ~*~*~tactically~*~*~ (stealth).
  9885 | D:10     | Noticed a two-headed ogre
  9886 | D:10     | 9886 ||| INVOKING Heroism.
  9894 | D:10     | Killed a two-headed ogre
  9894 | D:10     | Reached *** piety under Okawaru
  9895 | D:10     | Reached skill level 6 in Armour
  9988 | D:10     | 9988 ||| READING scroll labelled BECYWN XIUT.
 10077 | D:11     | Noticed a cyclops
 10078 | D:11     | 10078 ||| Stepping ~*~*~tactically~*~*~ (hiding).
 10080 | D:11     | 10080 ||| Stepping ~*~*~tactically~*~*~ (hiding).
 10084 | D:11     | 10084 ||| INVOKING Heroism.
 10091 | D:11     | Killed a cyclops
 10257 | D:11     | Reached XP level 11. HP: 67/67 MP: 14/14
 10279 | D:11     | 10279 ||| Stepping ~*~*~tactically~*~*~ (stealth).
 10282 | D:11     | 10282 ||| INVOKING Heroism.
 10291 | D:11     | Noticed Sonja
 10299 | D:11     | Reached skill level 3 in Throwing
 10302 | D:11     | HP: 9/68 [orc priest/divine providence (11)]
 10303 | D:11     | 10303 ||| READING 3 scrolls of teleportation.
 10303 | D:11     | Mangled by Sonja

Levels and vault maps discovered:
D:1:      elethiomel_arrival_infinity_welcomes_careful_drivers, layout_basic
D:2:      layout_loops_cross, uniq_terence
D:3:      layout_basic, nicolae_dithmenos_through_a_glass_darkly
D:4:      layout_cave_pods, minmay_temple_entry_slanted, uniq_grinder
D:5:      layout_loops_ring, st_stairs_4, hangedman_decor_opposing
D:6:      layout_basic, minmay_mini_ossuary
D:7:      layout_basic, grunt_temple_overflow_open, gammafunk_ghost_stat_death,
          uniq_crazy_yiuf_cottage
D:8:      layout_basic, nicolae_transporter_intersection
D:9:      layout_loops_corners, uniq_grum, uniq_psyche
D:10:     layout_loops_corners, gammafunk_ghost_smash
D:11:     layout_basic, erik_lair_orcish_takeover, enter_trove_2, uniq_sonja
Temple:   hellmonk_temple_of_storms

Skill      XL: |  1  2  3  4  5  6  7  8  9 10 11 |
---------------+----------------------------------+-----
Axes           | 2 3 4 5 6 7 8 9 10 | 10.0
Fighting       | 4 5 6 7 8 |  8.0
Dodging        | 1 2 |  2.0
Invocations    | 3 4 |  4.0
Shields        | 4 8 9 |  9.0
Armour         | 6 |  6.5
Throwing       | 2 3 |  3.4

Action                     |  1- 3 |  4- 6 |  7- 9 | 10-12 || total
---------------------------+-------+-------+-------+-------++-------
  Melee: War axe           |   133 |   167 |   240 |    71 ||   611
         Broad axe         |       |       |       |    53 ||    53
  Throw: Boomerang         |       |     5 |       |       ||     5
         Javelin           |       |       |       |     5 ||     5
 Invoke: Heroism           |       |       |     9 |     9 ||    18
    Use: Potion            |     2 |     3 |       |       ||     5
         Scroll            |     1 |     4 |     9 |     6 ||    20
 Armour: Scale mail        |    44 |    93 |    83 |       ||   220
         Chain mail        |    34 |     8 |    15 |     2 ||    59
         Plate armour      |       |       |       |    60 ||    60
         Skin              |       |       |       |     1 ||     1
  Dodge: Dodged            |    55 |    55 |    88 |    47 ||   245
  Block: Buckler           |    22 |    25 |    17 |       ||    64
         Kite shield       |       |       |    72 |    73 ||   145

Table legend:
 A = Non-vault XP
 B = Vault XP
 C = Vault XP percentage of total XP
 D = Non-vault monster count
 E = Vault monster count
 F = Vault count percentage of total count
                 A         B        C        D         E       F
            +---------+---------+-------+---------+---------+-------
      Total |    8706 |    1547 |  15.1 |     225 |      18 |   7.4
            +---------+---------+-------+---------+---------+-------
        D:1 |      42 |       0 |   0.0 |      25 |       0 |   0.0
        D:2 |      45 |      36 |  44.4 |      17 |       1 |   5.6
        D:3 |     197 |       0 |   0.0 |      30 |       0 |   0.0
        D:4 |     563 |     267 |  32.2 |      20 |       1 |   4.8
        D:5 |     604 |      31 |   4.9 |      26 |       3 |  10.3
        D:6 |     376 |      22 |   5.5 |      13 |       5 |  27.8
        D:7 |    1514 |       0 |   0.0 |      33 |       0 |   0.0
        D:8 |    1163 |       0 |   0.0 |      18 |       0 |   0.0
        D:9 |     836 |     854 |  50.5 |      26 |       5 |  16.1
       D:10 |    1980 |       0 |   0.0 |       9 |       0 |   0.0
       D:11 |    1386 |     337 |  19.6 |       8 |       3 |  27.3
            +---------+---------+-------+---------+---------+-------
